 Dungeon Crawl Stone Soup version 0.23.0 (webtiles) character file.

Game seed: 17306583078698640794

84 Kairos the Scratcher (level 4, -8/19 HPs)
             Began as a Felid Transmuter on Feb 18, 2019.
             Mangled by an orc
             ... wielding a +0 morningstar
              (11 damage)
             ... on level 3 of the Dungeon.
             The game lasted 00:10:34 (3995 turns).

Kairos the Scratcher (Felid Transmuter)             Turns: 3995, Time: 00:10:35

Health: -8/19      AC:  1    Str:  6    XL:     4   Next: 23%
Magic:  9/9        EV: 19    Int: 14    God:
Gold:   123        SH:  0    Dex: 18    Spells: 5/8 levels left
                                        Lives:  0   Deaths: 1

rFire    . . .     SeeInvis +     - Unarmed
rCold    . . .     Gourm    .   (shield unavailable)
rNeg     . . .     Faith    .   (armour unavailable)
rPois    .         Spirit   .   (helmet unavailable)
rElec    .         Reflect  .   (cloak unavailable)
rCorr    .         Harm     .   (gloves unavailable)
MR       .....                  (boots unavailable)
Stlth    +++.......             (no amulet)
HPRegen  0.06/turn              (no ring)
MPRegen  0.11/turn              (no ring)

@: quick
A: very small, no armour, no weapons or thrown items, stealth, claws 1, fangs 3,
see invisible, carnivore, speed 1, shaggy fur 1, slow metabolism 1, sharp paws
a: no special abilities


You were on level 3 of the Dungeon.
You were not hungry.

You visited 1 branch of the dungeon, and saw 3 of its levels.

You collected 123 gold pieces.

Inventory:

Missiles
 n - 6 arrows
Jewellery
 m - an uncursed amulet of faith
Scrolls
 a - 3 scrolls of enchant armour {unknown}
 b - 2 scrolls of magic mapping {unknown}
 d - 2 scrolls of random uselessness {unknown}
 e - 3 scrolls of identify {unknown}
 g - a scroll of immolation {unknown}
 h - a scroll of teleportation {unknown}
 j - 2 scrolls of amnesia {unknown}
 k - a scroll of remove curse {unknown}
Potions
 f - a potion of resistance {unknown}
Comestibles
 c - 5 rations


   Skills:
 + Level 1.2 Fighting
 + Level 3.4 Dodging
 + Level 1.9 Stealth
 + Level 4.4 Unarmed Combat
 + Level 2.9 Spellcasting
 + Level 2.7 Transmutations


You had 5 spell levels left.
You knew the following spells:

 Your Spells              Type           Power        Failure   Level  Hunger
a - Beastly Appendage     Tmut           #.....       7%          1    #......
b - Sticks to Snakes      Tmut           #.......     11%         2    ##.....

Your spell library contained the following spells:

 Spells                   Type           Power        Failure   Level  Hunger
 Spider Form              Tmut/Pois      #.........   36%         3    ###....
 Ice Form                 Ice/Tmut       #.......     77%         4    #####..
 Blade Hands              Tmut           #.........   88%         5    ######.


Dungeon Overview and Level Annotations

Branches:
Dungeon (3/15)

Altars:


Innate Abilities, Weirdness & Mutations

You cannot wear armour.
You are incapable of wielding weapons or throwing items.
Your paws allow you to move quietly. (Stealth)
You have sharp claws.
You have razor-sharp teeth.
You have supernaturally acute eyesight. (SInv)
You are carnivorous and can eat meat at any time.
You cover ground quickly.
You are covered in fur. (AC +1)
You have a slow metabolism.
Your sharp claws are effective at attacking unaware monsters.


Message History

* * * LOW HITPOINT WARNING * * *
You claw the orc priest!
The orc priest is severely wounded.
The orc priest hits you.
* * * LOW HITPOINT WARNING * * *
You scratch the orc priest.
The orc priest is almost dead.
An orc priest comes into view. It is wielding a +0 club.
The orc priest shouts!
The orc completely misses you. The orc barely misses you.
The dart slug misses you. The orc priest completely misses you.
Things that are here:
a +0 club; a +3 leather armour You scratch the orc.
The orc is heavily wounded.
The orc misses you.
The orc priest looks braver for a moment.
The orc priest barely misses you. The orc hits you with a +0 morningstar!
Ouch! That really hurt!
You die...

#......# ##........#
######## #...#####..
## #...# #.# .. #...#
#.# #. #...#####.# #.
#...#......
#o#######...#.###.#
##o#................
#.o@...............#
#.w#o..............#
#....#######...#.##.##
....... #...#......
####... ####...####...
##.. #........###..
... ###....#.# #.# ♣..
###....#)# #.#
#....)##g# #.#


You could see 2 orc priests, a dart slug and 2 orcs.

Vanquished Creatures
  Jessica (D:2)
  4 gnolls (D:3)
  2 adders
  An ooze (D:1)
  2 worms (D:2)
  2 dart slugs (D:2)
  A leopard gecko (D:1)
  4 orcs (D:3)
  2 ball pythons (D:2)
  5 bats
  3 giant cockroaches (D:3)
  7 goblins
  8 hobgoblins
  5 kobolds
  2 quokkas (D:2)
  8 frilled lizards
  4 rats
61 creatures vanquished.

Notes
Turn   | Place    | Note
-------+----------+-------------------------------------------
     0 | D:1      | Kairos the Felid Transmuter began the quest for the Orb.
     0 | D:1      | Reached XP level 1. HP: 9/9 MP: 4/4
   188 | D:1      | Reached XP level 2. HP: 5/12 MP: 6/6
  1093 | D:2      | Reached XP level 3. HP: 7/15 MP: 5/7
  1278 | D:2      | Noticed Jessica
  1347 | D:2      | Killed Jessica
  1347 | D:2      | Reached XP level 4. HP: 17/19 MP: 7/9
  1467 | D:2      | Reached skill level 4 in Unarmed Combat
  1925 | D:2      | Reached skill level 1 in Stealth
  2755 | D:2      | Learned a level 2 spell: Sticks to Snakes
  3479 | D:3      | Reached XP level 5. HP: 17/22 MP: 10/10
  3521 | D:3      | HP: 1/22 [adder (1)]
  3523 | D:3      | Succumbed to an adder's poison
  3524 | D:3      | Reached XP level 4. HP: 0/19 MP: 9/9
  3995 | D:3      | Mangled by an orc

Skill      XL: |  1  2  3  4 |
---------------+-------------+-----
Dodging        | 3 |  3.4
Unarmed Combat | 4 |  4.4
Stealth        | 1 |  1.9
Fighting       | |  1.2
Spellcasting   | |  2.9
Transmutations | |  2.7

Action                   |  1- 3 |  4- 6 || total
-------------------------+-------+-------++-------
Melee: Unarmed           |    87 |   123 ||   210
       Bite              |     8 |    10 ||    18
       Headbutt          |     4 |     5 ||     9
       Punch             |     1 |     1 ||     2
 Cast: Beastly Appendage |     5 |     7 ||    12
       Sticks to Snakes  |       |     6 ||     6
  Use: Potion            |       |     3 ||     3
 Stab: Sleeping          |     2 |     3 ||     5
  Eat: Chunk             |       |     6 ||     6
Armor: Skin              |     4 |     4 ||     8
Dodge: Dodged            |    66 |    91 ||   157
